 Dungeon Sprint DCSS version 0.19.1-1-g22dce08 (webtiles) character file.

102 dvd the Skirmisher (level 4, 0/40 HPs)
             Began as a Demonspawn Berserker on Jan 4, 2017.
             Was a Priest of Trog.
             Killed from afar by a deep elf mage (15 damage)
             ... with a stone arrow
             ... in the Dungeon (Sprint III: "The Ten Rune Challenge").
             The game lasted 00:01:22 (601 turns).

dvd the Skirmisher (Demonspawn Berserker)            Turns: 601, Time: 00:01:23

Health: 0/40       AC:  5    Str: 18    XL:     4   Next: 50%
Magic:  3/3        EV: 12    Int:  8    God:    Trog [***...]
Gold:   34         SH:  0    Dex: 13    Spells: 0 memorised, 3 levels left

rFire  . . .     SeeInvis .     a - +0 falchion
rCold  . . .     Gourm    .     k - +0 ring mail
rNeg   . . .     Faith    .     (no shield)
rPois  .         Spirit   .     (no helmet)
rElec  .         Reflect  .     (no cloak)
rCorr  .         Harm     .     (no gloves)
MR     .....     Clarity  +     (no boots)
Stlth  +......... NoTele   +    (no amulet)
                                (no ring)
                                (no ring)

@: exhausted, slowed, very slow
A: talons 2, clarity, low mp 1, subdued magic 1, sturdy frame 1
a: Berserk, Trog's Hand, Burn Spellbooks, Renounce Religion


You were in the Dungeon.
You worshipped Trog.
Trog was most pleased with you.
You were hungry.

You visited 1 branch You collected 34 gold pieces.

Inventory:

Hand Weapons
 a - a +0 falchion (weapon)
Armour
 b - a +0 animal skin
 k - a +0 ring mail (worn)
Scrolls
 i - a scroll of blinking
 l - 2 scrolls of torment {unknown}
 m - 3 scrolls of identify
 n - 2 scrolls of remove curse
 q - a scroll of magic mapping {unknown}
Potions
 d - a potion of curing
 e - a potion of heal wounds
 f - a potion of haste
 g - 2 potions of magic
 h - a potion of berserk rage
 p - 4 potions of flight
Comestibles
 c - 2 bread rations
 j - a chunk of flesh
 r - a royal jelly


   Skills:
 + Level 6.0 Fighting
 + Level 5.9 Long Blades
 + Level 3.5 Armour
 + Level 3.0 Dodging
 + Level 0.2 Stealth


You had 3 spell levels left.
You didn't know any spells.

Dungeon Overview and Level Annotations

Branches:
Dungeon (1/1)

Altars:
Elyvilon
Zin
The Shining One


Innate Abilities, Weirdness & Mutations

You have razor-sharp toenails.
Your movements are slightly less encumbered by armour. (ER -2)
You possess an exceptional clarity of mind.
Your magical capacity is low. (-10% MP)
Your spells are a little easier to cast, but a little less powerful.


Message History

You are no longer berserk.
You are exhausted.
You feel yourself slow down.
There is an open door here.
You miss the deep elf mage. Your kick misses the deep elf mage.
The deep elf mage is moderately wounded.
The deep elf mage barely misses you. The deep elf mage casts a spell at you.
The stone arrow misses you.
You closely miss the deep elf mage. You claw the deep elf mage.
The deep elf mage is heavily wounded.
The deep elf mage hits you but does no damage.
You miss the deep elf mage. Your kick misses the deep elf mage.
The deep elf mage is heavily wounded.
The deep elf mage closely misses you.
You closely miss the deep elf mage.
The deep elf mage is heavily wounded.
The deep elf mage points at you and mumbles some strange words.
The stone arrow hits you!
You die...

▓▓▓▓▓▓▓ ▓▓▓ .'....♣
♣.##### .#....♣ ♣♣.#___#
##....♣♣ ♣..#...#
.#....≈♣♣♣♣..###@#+###+##
.#...≈≈...♣..#...e......#
.#..≈≈≈≈♣.♣..'.⌠........#
'#..≈≈≈≈≈≈...#...######+#
.#.≈≈≈≈≈≈....#.⌠.#
.#.≈≈≈≈≈.....#...#
.#.≈≈≈.......#+###
##...........#
.............#


You could see a deep elf mage.

Vanquished Creatures
  A water elemental (D)
  A human (D)
  A wolf (D)
  2 oozes (D)
  2 rats (D)
7 creatures vanquished.

Vanquished Creatures (others)
  2 draconian scorchers (D)
  6 hellions (D)
  A yaktaur (D)
9 creatures vanquished.

Grand Total: 16 creatures vanquished

Notes
Turn   | Place    | Note
-------+----------+-------------------------------------------
     0 | D        | dvd the Demonspawn Berserker began the quest for the Orb.
     0 | D        | Reached XP level 1. HP: 18/18 MP: 1/1
     8 | D        | Reached skill level 4 in Fighting
     8 | D        | Gained mutation: You have sharp toenails. [demonic ancestry]
     8 | D        | Reached XP level 2. HP: 21/25 MP: 2/2
    33 | D        | Killed a yaktaur
    57 | D        | Reached ** piety under Trog
   103 | D        | Killed a hellion
   105 | D        | Killed a hellion
   174 | D        | Killed a white draconian scorcher
   209 | D        | Killed a hellion
   231 | D        | Killed a hellion
   281 | D        | Killed a hellion
   281 | D        | Killed a hellion
   371 | D        | Killed a white draconian scorcher
   414 | D        | Gained mutation: You have razor-sharp toenails. [potion of mutation]
   414 | D        | Gained mutation: Your magical capacity is low. (-10% MP) [potion of mutation]
   414 | D        | Gained mutation: Your spells are a little harder to cast, but a little more powerful. [potion of mutation]
   415 | D        | Lost mutation: Your spells are a little harder to cast, but a little more powerful. [potion of mutation]
   415 | D        | Gained mutation: You possess an exceptional clarity of mind. [potion of mutation]
   415 | D        | Gained mutation: Your spells are a little easier to cast, but a little less powerful. [potion of mutation]
   444 | D        | Reached skill level 5 in Fighting
   444 | D        | Gained mutation: Your movements are slightly less encumbered by armour. (ER -2) [demonic ancestry]
   444 | D        | Reached XP level 3. HP: 23/33 MP: 2/2
   533 | D        | Noticed a water elemental
   537 | D        | Killed a water elemental
   537 | D        | Reached *** piety under Trog
   537 | D        | Reached skill level 6 in Fighting
   537 | D        | Reached skill level 5 in Long Blades
   537 | D        | Reached XP level 4. HP: 40/40 MP: 3/3
   586 | D        | Found a glowing silver altar of Zin.
   586 | D        | Found a glowing golden altar of the Shining One.
   586 | D        | Found a white marble altar of Elyvilon.
   587 | D        | Noticed a deep elf mage
   601 | D        | Killed from afar by a deep elf mage

Skill      XL: |  1  2  3 |
---------------+----------+-----
Long Blades    | 3 4 5 |  5.9
Armour         | 2 3 |  3.5
Dodging        | 2 3 |  3.0
Fighting       | 4 5 6 |  6.0
Stealth        | |  0.2

Action                   |  1- 3 |  4- 6 || total
-------------------------+-------+-------++-------
Melee: Falchion          |    31 |     9 ||    40
       Kick              |    10 |     3 ||    13
Invok: Berserk           |     1 |     1 ||     2
  Use: Potion            |     4 |       ||     4
Armor: Ring mail         |     6 |     1 ||     7
Dodge: Dodged            |    23 |     3 ||    26
       Rpst.: Falchion   |     7 |       ||     7
